Map: Línea Aguablanca EE

Players

quadium

  • Race: Terran Terran
  • Spawn Location: 12:00

dingle

  • Race: Protoss Protoss
  • Spawn Location: 1:00

jdiddyws

  • Race: Terran Terran
  • Spawn Location: 1:00

MrFercho

  • Race: Zerg Zerg
  • League: Gold
  • Spawn Location: 7:00

TATORREA

  • Race: Protoss Protoss
  • League: Gold
  • Spawn Location: 6:00

tigro

  • Race: Terran Terran
  • League: Bronze
  • Spawn Location: 7:00

VOD

Have the link to the VOD?

Description

Time

  • Played on: Aug. 12, 2020, 9:29 p.m.
  • Length: 13:09
Show
View Real Time Build Order
Export as new Build Order

quadium Terran 

Build Orders: 2 Factory 

Get SALT Encoding   

  12  0:03  SCV  
  13  0:15  SCV  
  14  0:22  Supply Depot  
  14  0:27  SCV  
  15  0:44  SCV  
  15  0:46  Barracks  
  16  0:56  SCV  
  17  1:09  SCV  
  18  1:22  SCV  
  19  1:34  SCV  
  19  1:35  Marine  
  21  1:40  Command Center  
  21  1:46  Orbital Command  
  21  1:47  Refinery  
  21  1:53  Refinery  
  21  2:02  Marine  
  22  2:12  SCV  
  23  2:40  Factory  
  23  2:43  Command Center  
  23  2:51  Marine, SCV  
  23  2:53  Orbital Command  
  25  3:03  Factory  
  25  3:04  SCV  
  26  3:12  Marine  
  26  3:16  Refinery, SCV  
  26  3:18  SCV  
  29  3:26  Widow Mine  
  31  3:37  Factory  
  31  3:41  SCV x2  
  33  3:48  Widow Mine  
  35  3:49  Widow Mine  
  35  3:53  SCV  
  35  3:55  SCV  
  39  4:00  Orbital Command  
  39  4:05  SCV  
  39  4:07  SCV  
  39  4:08  Armory  
  41  4:13  Widow Mine x2  
  45  4:25  Factory Tech Lab  
  45  4:29  Supply Depot  
  45  4:32  Supply Depot  
  45  4:34  Widow Mine  
  45  4:35  Widow Mine  
  45  4:37  SCV x2  
  51  4:43  Refinery  
  51  4:50  Supply Depot  
  51  4:51  Supply Depot  
  51  4:52  SCV x2  
  53  5:04  SCV  
  53  5:05  SCV  
  55  5:08  Factory Reactor x2  
  55  5:09  Drilling Claws  
  55  5:11  Widow Mine  
  55  5:14  SCV  
  58  5:17  SCV x2  
  60  5:26  SCV  
  61  5:29  SCV x2  
  61  5:32  Terran Vehicle And Ship Armor Level 1  
  61  5:33  Widow Mine  
  65  5:40  Factory  
  65  5:42  Factory  
  66  5:45  Orbital Command  
  65  5:53  SCV x2  
  65  5:55  Widow Mine  
  65  5:56  Widow Mine  
  65  5:57  Widow Mine x3  
  77  6:04  Factory  
  77  6:05  SCV x2  
  77  6:07  Factory  
  77  6:10  Supply Depot  
  79  6:12  Supply Depot  
  79  6:13  Supply Depot  
  79  6:14  Supply Depot  
  79  6:19  Widow Mine x3  
  85  6:27  Engineering Bay  
  85  6:31  SCV x3  
  85  6:32  Widow Mine  
  89  6:41  Widow Mine x3  
  89  6:42  Factory Reactor  
  95  6:47  Factory Reactor  
  95  6:49  Factory Reactor  
  95  6:50  Factory Reactor  
  95  6:56  Widow Mine x2  
  95  6:59  SCV x2  
  101  7:02  Widow Mine  
  101  7:07  Supply Depot  
  103  7:10  Supply Depot  
  103  7:12  Supply Depot  
  103  7:17  Widow Mine x2  
  107  7:25  Widow Mine  
  107  7:26  Widow Mine  
  113  7:30  Widow Mine x4  
  113  7:36  Missile Turret  
  113  7:37  Terran Vehicle And Ship Armor Level 2  
  119  7:38  Widow Mine  
  119  7:39  Widow Mine x6, Missile Turret  
  119  7:41  Missile Turret  
  133  8:04  Command Center  
  133  8:06  Command Center  
  133  8:14  Widow Mine  
  133  8:15  Widow Mine x3  
  141  8:22  Supply Depot  
  141  8:24  Supply Depot  
  141  8:25  Supply Depot  
  141  8:29  Supply Depot  
  141  8:37  Factory  
  141  8:44  Widow Mine x4  
  141  8:46  Widow Mine x3  
  141  8:48  Supply Depot, Widow Mine x3  
  161  8:52  SCV x2  
  161  8:53  Factory, SCV  
  164  9:04  SCV x2  
  164  9:05  SCV  
  164  9:09  Refinery  
  167  9:10  Refinery  
  167  9:11  Supply Depot  
  167  9:13  Widow Mine x2  
  171  9:17  Widow Mine x3  
  171  9:18  Widow Mine x5  
  171  9:19  Widow Mine x2  
  171  9:22  Refinery  
  191  9:34  Factory Reactor  
  191  9:36  Factory Reactor  
  191  9:43  Widow Mine  
  191  9:44  Widow Mine x3  
  199  9:48  Supply Depot  
  198  10:08  Widow Mine  
  198  10:13  Widow Mine  
  198  10:14  Widow Mine x2  
  199  10:25  Widow Mine x2  
  199  10:26  Widow Mine x2  
  187  10:34  Orbital Command  
  185  10:35  Orbital Command  
  185  10:46  Widow Mine  
  185  10:47  Widow Mine x6, Missile Turret  
  199  10:56  Sensor Tower  
  199  11:07  Missile Turret  
  199  11:16  Sensor Tower  
  199  11:20  Missile Turret  
  199  11:22  Sensor Tower  
  199  11:29  Missile Turret  
  199  11:31  Supply Depot  
  199  11:40  Sensor Tower  
  199  11:54  Supply Depot  
  199  11:55  Missile Turret  
  197  12:04  Widow Mine x3  
  197  12:05  Widow Mine x2  
  189  12:13  Widow Mine x4  
  189  12:17  Supply Depot  
  181  12:30  Widow Mine  
  181  12:31  Widow Mine x8  
  199  12:40  Supply Depot  
Show
View Real Time Build Order
Export as new Build Order

dingle Protoss 

Build Orders: 1 Gate Expand, Dark Templar Rush 

Get SALT Encoding   

  12  0:02  Probe  
  13  0:14  Probe  
  14  0:23  Pylon  
  14  0:26  Probe  
  15  0:36  Assimilator  
  15  0:45  Probe  
  16  0:51  Gateway  
  16  1:06  Probe  
  17  1:24  Nexus  
  17  1:31  Probe  
  18  1:43  Cybernetics Core  
  18  1:45  Probe  
  19  1:58  Probe  
  20  2:04  Pylon  
  20  2:10  Probe  
  21  2:17  Assimilator  
  21  2:20  Warp Gate (Chrono Boost)  
  21  2:22  Probe  
  22  2:27  Twilight Council  
  22  2:42  Probe x2  
  24  2:56  Gateway  
  24  3:00  Pylon  
  24  3:05  Gateway  
  24  3:10  Dark Shrine, Probe  
  25  3:24  Probe x2 (Chrono Boost)  
  25  3:25  Robotics Facility  
  29  3:35  Probe (Chrono Boost)  
  29  3:36  Probe (Chrono Boost)  
  29  3:40  Probe x2 (Chrono Boost)  
  31  3:50  Probe  
  32  4:03  Probe x2  
  34  4:12  Warp Prism  
  34  4:15  Probe  
  37  4:22  Probe  
  37  4:24  Shadow Stride  
  38  4:29  Probe  
  39  4:32  Assimilator  
  39  4:34  Probe  
  39  4:35  Assimilator  
  40  4:41  Probe  
  41  4:46  Probe  
  42  4:53  Probe  
  42  4:58  Observer  
  44  5:10  Probe x2  
  46  5:22  Probe x2  
  48  5:32  Nexus  
  48  5:34  Assimilator  
  48  5:35  Assimilator  
  48  5:38  Pylon  
  48  5:43  Probe  
  48  5:56  Pylon  
  48  5:59  Pylon  
  48  6:07  Dark Templar x2  
  48  6:08  Dark Templar  
  52  6:31  Charge (Chrono Boost)  
  46  6:44  Gateway, Probe x2  
  46  6:46  Probe  
  49  6:48  Pylon  
  49  6:49  Gateway  
  49  6:50  Pylon  
  49  6:51  Pylon  
  49  6:56  Probe x2  
  49  6:57  Dark Templar x3  
  49  6:59  Probe  
  58  7:08  Probe x2  
  60  7:11  Probe  
  61  7:20  Probe  
  62  7:50  Probe x3  
  65  8:02  Forge  
  65  8:04  Forge, Blink  
  65  8:07  Forge  
  65  8:08  Zealot x3  
  65  8:09  Zealot x2  
  75  8:31  Pylon, Probe x3  
  75  8:33  Protoss Ground Weapons Level 1 (Chrono Boost)  
  78  8:34  Protoss Ground Armor Level 1 (Chrono Boost)  
  78  8:37  Protoss Shields Level 1 (Chrono Boost)  
  78  8:43  Probe x3  
  81  8:55  Probe x2  
  83  8:58  Robotics Bay  
  83  9:04  Gateway  
  83  9:06  Gateway  
  83  9:08  Probe x3  
  83  9:09  Gateway  
  86  9:12  Pylon  
  86  9:13  Gateway  
  86  9:14  Pylon  
  86  9:20  Probe x2  
  88  9:32  Nexus  
  88  9:35  Pylon  
  88  9:38  Assimilator  
  88  9:41  Assimilator  
  88  9:46  Pylon, Disruptor (Chrono Boost)  
  91  10:01  Robotics Facility  
  91  10:02  Robotics Facility  
  91  10:03  Probe x3  
  94  10:15  Probe  
  94  10:18  Disruptor (Chrono Boost)  
  98  10:27  Dark Templar x2  
  98  10:28  Dark Templar x6  
  108  10:29  Dark Templar  
  108  10:31  Archon  
  108  10:32  Archon x3  
  116  10:39  Protoss Ground Armor Level 2 (Chrono Boost), Protoss Ground Weapons Level 2 (Chrono Boost)  
  116  10:40  Protoss Shields Level 2 (Chrono Boost)  
  116  10:44  Disruptor (Chrono Boost)  
  119  10:51  Probe x2  
  119  10:52  Probe x2, Disruptor x2 (Chrono Boost)  
  129  11:03  Probe x2  
  131  11:07  Dark Templar x3  
  131  11:08  Dark Templar x6  
  149  11:11  Archon x2  
  149  11:12  Archon x3  
  149  11:18  Disruptor  
  149  11:25  Disruptor  
  147  11:40  Disruptor  
  146  11:54  Disruptor  
  146  12:01  Disruptor  
  152  12:16  Disruptor  
  155  12:30  Disruptor  
Show
View Real Time Build Order
Export as new Build Order

jdiddyws Terran 

Build Orders:  

Get SALT Encoding   

  12  0:00  SCV  
  13  0:14  SCV  
  14  0:25  Supply Depot  
  14  0:27  SCV  
  15  0:46  SCV  
  15  0:48  Barracks  
  16  0:58  SCV  
  17  1:13  SCV  
  18  1:28  SCV  
  19  1:39  Command Center  
  19  1:42  Orbital Command  
  19  1:47  Marine  
  19  1:51  Refinery  
  19  1:53  Refinery  
  20  2:04  Supply Depot  
  20  2:05  Marine  
  21  2:11  SCV  
  22  2:24  SCV  
  23  2:36  Factory, SCV  
  24  2:38  Marine  
  25  2:45  Supply Depot  
  25  2:48  SCV  
  26  2:53  Orbital Command  
  26  2:57  Marine  
  27  3:00  SCV  
  28  3:12  SCV  
  29  3:21  Factory Reactor  
  29  3:24  SCV x2  
  31  3:27  Starport  
  32  3:36  SCV  
  32  3:45  SCV, Refinery  
  33  3:54  SCV  
  34  3:57  SCV  
  35  4:08  Starport  
  35  4:10  Viking  
  35  4:11  Viking, Factory Reactor, SCV  
  35  4:12  SCV  
  41  4:23  SCV  
  41  4:24  Command Center, SCV  
  43  4:28  Refinery  
  43  4:32  Supply Depot  
  43  4:36  SCV x2  
  45  4:40  Viking  
  45  4:41  Viking  
  45  4:43  Supply Depot  
  49  4:48  SCV x2  
  51  4:56  Supply Depot  
  51  4:58  Viking x2  
  55  5:00  SCV x2  
  57  5:12  SCV x2  
  59  5:18  Viking x2  
  63  5:28  Viking  
  65  5:33  SCV x2  
  67  5:41  Orbital Command  
  67  5:45  SCV x2  
  69  5:51  Engineering Bay  
  69  5:53  Viking  
  69  5:54  Armory  
  69  5:55  Armory  
  71  5:57  SCV  
  72  6:08  Viking x3  
  78  6:33  Orbital Command  
  78  6:39  Viking x3  
  84  6:46  Factory Tech Lab  
  84  6:48  Terran Vehicle And Ship Armor Level 1  
  84  6:49  Terran Ship Weapons Level 1, Starport  
  84  6:50  SCV x2  
  84  6:52  Viking  
  84  6:53  Refinery, Missile Turret  
  88  6:54  Refinery  
  88  6:55  Missile Turret  
  88  6:59  Missile Turret  
  88  7:02  SCV  
  89  7:10  SCV x2  
  89  7:13  Viking  
  93  7:19  Supply Depot  
  93  7:21  Missile Turret  
  93  7:22  Supply Depot  
  93  7:24  Missile Turret  
  93  7:40  Viking x3, SCV  
  100  7:53  SCV  
  100  7:55  Sensor Tower  
  100  7:56  Viking  
  103  8:00  Smart Servos  
  103  8:03  Starport Tech Lab  
  103  8:09  Command Center  
  103  8:10  Supply Depot x2, Starport  
  103  8:11  Supply Depot  
  102  8:23  Command Center  
  102  8:25  SCV x3  
  105  8:32  Viking x3  
  105  8:33  Viking  
  113  8:37  SCV  
  114  8:43  Terran Vehicle And Ship Armor Level 2  
  114  8:44  Terran Ship Weapons Level 2  
  114  8:46  Starport Reactor  
  114  8:54  Starport Reactor  
  114  8:59  Supply Depot x2  
  114  9:00  Supply Depot  
  114  9:02  Viking  
  116  9:03  Viking  
  116  9:04  Viking x2  
  122  9:13  Starport  
  122  9:27  Viking  
  122  9:28  Viking  
  126  9:32  Viking  
  128  10:03  Viking x7  
  128  10:04  Viking  
  140  10:14  Starport Reactor  
  140  10:32  Viking  
  140  10:33  Viking x2  
  146  10:51  Viking x3  
  146  10:52  Viking  
  152  11:10  Viking x3  
  152  11:11  Viking  
  158  11:13  Planetary Fortress  
  158  11:15  SCV x3  
  157  11:27  Viking x3, SCV  
  160  11:49  Missile Turret x2  
  160  11:50  Refinery  
  160  11:52  Viking x2, Missile Turret  
  160  11:53  Viking x4  
  172  12:00  Refinery  
  172  12:01  Viking x4  
  180  12:02  Supply Depot  
  180  12:03  Supply Depot  
  180  12:04  Supply Depot  
  180  12:05  Supply Depot  
Show
View Real Time Build Order
Export as new Build Order

MrFercho Zerg 

Build Orders: Pool First, Lurkers 

Get SALT Encoding   

  12  0:19  Spawning Pool  
  11  0:22  Drone  
  11  0:26  Drone  
  13  0:30  Drone  
  14  0:41  Overlord  
  14  1:07  Zergling x6  
  14  1:09  Queen  
  19  1:21  Zergling x2  
  20  1:31  Zergling x2  
  21  1:45  Drone  
  22  1:53  Overlord  
  22  2:12  Drone x2  
  24  2:39  Extractor  
  23  3:02  Hatchery  
  23  3:03  Drone x3  
  25  3:08  Hatchery  
  25  3:09  Drone  
  25  3:10  Drone x2  
  25  3:11  Queen  
  30  3:41  Drone  
  30  3:42  Overlord x3  
  30  3:51  Lair  
  30  4:16  Extractor  
  30  4:17  Drone x3  
  32  4:29  Queen, Drone x6  
  40  4:31  Overlord  
  40  4:48  Drone x7  
  47  4:55  Pneumatized Carapace  
  47  5:00  Drone x3  
  47  5:03  Extractor  
  47  5:05  Extractor  
  48  5:08  Queen  
  50  5:17  Overlord x2  
  49  5:41  Overlord  
  49  5:42  Overlord  
  49  5:45  Overlord  
  49  5:47  Drone x2  
  49  5:48  Drone x2  
  52  5:50  Drone x3  
  52  5:51  Drone x2  
  52  5:52  Drone  
  58  6:02  Hydralisk Den  
  57  6:04  Nydus Network  
  57  6:09  Spore Crawler  
  56  6:11  Spore Crawler  
  55  6:22  Overseer  
  55  6:27  Overseer  
  55  6:45  Muscular Augments  
  55  6:47  Spore Crawler  
  55  6:52  Evolution Chamber  
  53  6:57  Drone x10  
  63  7:05  Evolution Chamber  
  63  7:07  Nydus Network  
  60  7:08  Infestation Pit  
  60  7:13  Lurker Den  
  57  7:37  Hatchery  
  57  7:43  Hatchery  
  55  7:45  Hive  
  55  7:52  Zerg Missile Weapons Level 1  
  55  7:53  Zerg Ground Armor Level 1, Spire  
  55  7:57  Grooved Spines  
  54  8:00  Hydralisk x3  
  54  8:05  Overlord x2  
  60  8:06  Overlord x2  
  60  8:20  Hydralisk x4  
  60  8:21  Hydralisk  
  70  8:39  Spine Crawler x2  
  68  8:42  Hydralisk x4  
  76  8:59  Hydralisk x4  
  84  9:12  Seismic Spines  
  84  9:29  Drone x15  
  84  9:30  Drone x2  
  101  9:38  Lurker x2  
  103  9:39  Lurker  
  101  10:22  Spore Crawler  
  97  10:36  Extractor  
  97  10:37  Extractor  
  95  11:21  Greater Spire  
  81  11:48  Hydralisk x21  
  104  12:16  Hydralisk  
  104  12:17  Hydralisk x6  
  112  12:34  Lurker x4  
  112  12:35  Lurker  
Show
View Real Time Build Order
Export as new Build Order

TATORREA Protoss 

Build Orders: Archon Immortal 

Get SALT Encoding   

  12  0:03  Probe  
  13  0:15  Probe  
  14  0:26  Pylon  
  14  0:27  Probe  
  15  0:44  Probe  
  16  0:51  Gateway  
  16  0:56  Probe  
  17  1:07  Gateway  
  17  1:08  Probe  
  18  1:19  Assimilator  
  18  1:20  Probe  
  18  1:21  Pylon  
  19  1:25  Assimilator  
  19  1:32  Probe  
  20  1:44  Probe, Cybernetics Core  
  21  1:56  Probe  
  21  2:08  Probe  
  21  2:09  Pylon  
  21  2:13  Gateway  
  21  2:15  Gateway  
  22  2:21  Warp Gate  
  22  2:25  Adept  
  24  2:35  Adept  
  26  2:43  Probe  
  27  3:03  Nexus  
  27  3:12  Pylon  
  27  3:18  Pylon  
  27  3:28  Robotics Facility  
  27  3:44  Stargate  
  27  3:58  Probe  
  28  4:10  Probe  
  28  4:16  Immortal  
  33  4:22  Probe x2  
  35  4:27  Phoenix  
  37  4:34  Probe x2  
  39  4:48  Probe  
  39  4:49  Probe  
  39  4:52  Phoenix  
  43  4:56  Observer  
  44  5:00  Probe  
  44  5:01  Probe  
  46  5:13  Probe x2  
  48  5:17  Immortal  
  48  5:20  Phoenix  
  54  5:33  Stalker x2  
  54  5:34  Stalker x2  
  62  5:51  Phoenix  
  64  5:59  Probe x2  
  64  6:03  Assimilator  
  66  6:04  Assimilator  
  66  6:06  Gateway  
  66  6:07  Gateway  
  66  6:11  Probe x2  
  68  6:38  Probe  
  68  6:39  Probe  
  70  6:49  Twilight Council  
  70  7:02  Pylon  
  70  7:07  Pylon  
  70  7:16  Pylon  
  70  7:20  Pylon, Probe x2  
  70  7:21  Immortal, Pylon  
  76  7:25  Void Ray  
  80  7:32  Stalker  
  80  7:33  Stalker x2  
  80  7:36  Nexus  
  86  7:39  Pylon  
  86  7:41  Pylon  
  86  7:43  Probe x2  
  88  7:55  Probe x2  
  90  8:02  Templar Archives  
  90  8:04  Pylon  
  90  8:07  Probe x2  
  90  8:08  Pylon  
  90  8:10  Immortal  
  90  8:11  Pylon  
  96  8:19  Probe x2  
  98  8:28  Stalker x2, Charge (Chrono Boost)  
  98  8:31  Probe x2  
  104  8:43  Probe x2  
  104  8:45  High Templar x2  
  104  8:46  High Templar  
  112  8:48  High Templar  
  112  8:51  Archon  
  112  8:53  Archon  
  114  9:02  Assimilator  
  114  9:04  Stalker x2  
  114  9:08  Assimilator  
  118  9:11  Probe x3  
  121  9:23  Probe x3  
  124  9:32  Stalker x4  
  124  9:33  Stalker  
  124  9:36  Stalker  
  107  10:00  Probe x3  
  107  10:02  Blink  
  110  10:11  Observer  
  110  10:12  Probe x2  
  93  10:40  Probe x3  
  94  10:46  Stalker x4  
  94  10:47  Stalker x2  
  66  11:09  Immortal (Chrono Boost)  
  66  11:17  Probe x2  
  72  11:29  Probe x2  
  74  11:33  High Templar x3  
  74  11:38  Archon  
  80  11:41  Immortal, Probe  
  80  11:42  Probe  
  85  11:53  Probe  
  83  11:55  Pylon  
  70  12:05  Forge  
  70  12:07  Forge  
  40  12:20  Immortal  
Show
View Real Time Build Order
Export as new Build Order

tigro Terran 

Build Orders:  

Get SALT Encoding   

  12  0:14  SCV  
  13  0:23  Supply Depot  
  13  0:26  SCV  
  14  0:38  SCV  
  15  0:46  Supply Depot  
  15  0:51  Barracks  
  15  0:57  Refinery  
  15  0:58  SCV  
  16  1:10  SCV  
  17  1:22  SCV  
  18  1:30  Refinery  
  18  1:34  SCV  
  18  1:38  Marine  
  20  1:46  SCV  
  21  1:56  Marine  
  21  1:58  SCV  
  23  2:14  Marine  
  24  2:19  SCV  
  24  2:20  Factory  
  25  2:31  SCV  
  25  2:32  Marine  
  27  2:38  Engineering Bay  
  27  2:49  Marine  
  28  2:55  Orbital Command  
  28  3:04  Factory Tech Lab  
  28  3:16  Starport  
  28  3:20  Barracks Tech Lab  
  28  3:48  Siege Tank  
  31  3:59  Command Center  
  31  4:02  Missile Turret  
  31  4:10  Medivac  
  33  4:20  Siege Tank  
  36  4:26  Missile Turret  
  36  4:43  Combat Shield  
  36  4:46  Refinery  
  36  4:47  Missile Turret  
  36  4:49  Starport Tech Lab  
  36  4:56  Terran Infantry Weapons Level 1  
  36  5:13  Refinery  
  36  5:19  SCV  
  37  5:24  Missile Turret  
  37  5:31  SCV  
  38  5:43  SCV  
  39  5:55  SCV  
  40  6:02  Stimpack  
  40  6:07  SCV  
  41  6:41  Marine  
  42  6:48  Medivac  
  42  6:50  Terran Infantry Armor Level 1  
  44  6:59  Barracks, Marine  
  45  7:15  SCV  
  46  7:17  Marine  
  47  7:27  SCV  
  48  7:35  Marine  
  49  7:39  SCV  
  50  7:48  Barracks Reactor  
  50  7:50  Armory  
  50  7:51  SCV  
  50  7:52  Marine  
  52  8:04  SCV  
  53  8:16  SCV  
  53  8:19  Marine  
  55  8:26  Marine x2  
  57  8:28  SCV  
  58  8:35  Supply Depot  
  58  8:36  Marine  
  58  8:40  Fusion Core, SCV  
  60  8:43  Marine  
  60  8:44  Marine, Neosteel Armor  
  62  8:56  Thor, Marine, SCV  
  62  8:58  Supply Depot  
  62  9:02  Terran Vehicle Weapons Level 1  
  70  9:10  Marine x2  
  70  9:11  SCV  
  70  9:14  Marine  
  74  9:20  Supply Depot  
  74  9:21  Medivac  
  74  9:23  SCV  
  77  9:28  Marine x2  
  79  9:31  Marine  
  79  9:35  SCV  
  81  9:42  Thor  
  87  9:55  Missile Turret  
  85  10:24  Hi-Sec Auto Tracking, Missile Turret  
  85  10:36  Battlecruiser  
  91  10:56  Terran Vehicle And Ship Armor Level 1  
  89  11:04  Thor  
  64  11:35  Marine x3  
  61  11:41  Battlecruiser  
  67  11:53  Marine x3  
  64  12:11  Marine x3  
  67  12:22  Thor  
  64  12:29  Marine x3  
  61  12:46  Marine  
  61  12:47  Marine x2  
Tags
 
Add a new tag
Caveats
  • Supply blocks, unpowered buildings, or Contaminate may cause inaccurate times.
  • Supply counts are checked every 10 seconds.